 Dungeon Crawl Stone Soup version 0.27-a0-836-gfc908b8576 (webtiles) character file.

Game seed: 1912649244420595195

111 Aviak the Magician (level 4, 0/34 HPs)
             Began as a Djinni Fire Elementalist on Mar 31, 2021.
             Slain by Sigmund
             ... wielding a +0 scythe
              (2 damage)
             ... on level 2 of the Dungeon.
             The game lasted 00:04:32 (3359 turns).

Aviak the Magician (Djinni Fire Elementalist)       Turns: 3359, Time: 00:04:33

Health: 0/34       AC:  2    Str:  5    XL:     4   Next: 92%
Gold:   53         EV: 12    Int: 17    God:
                   SH:  0    Dex: 14

rFire    + + .     SeeInvis .   c - +2 dagger (vamp) {!w}
rCold    x . .     Faith    .   (no shield)
rNeg     . . .     Spirit   .   a - +0 robe
rPois    ∞         Reflect  .   (no helmet)
rElec    .         Harm     .   (no cloak)
rCorr    .         Rampage  .   (no gloves)
Will     .....                  (boots unavailable)
Stlth    ++........             (no amulet)
HPRegen  0.11/turn              (no ring)
MPRegen  0.00/turn              (no ring)

@: flying, very slightly contaminated
A: fire resistance 2, cold vulnerability 1, float, innate caster, hp casting,
extra vitality 1, deterioration 1, weak 1, wild magic 1
a: no special abilities


You were on level 2 of the Dungeon.
You visited 1 branch of the dungeon, and saw 2 of its levels.

You collected 53 gold pieces.

Inventory:

Hand Weapons
 c - a +2 vampiric dagger (weapon) {!w}
Armour
 a - a +0 robe (worn)
Scrolls
 b - a scroll of fear {unknown}
 d - a scroll of vulnerability {unknown}


   Skills:
 + Level 2.5 Fighting
 + Level 0.8 Short Blades
 - Level 2.8 Dodging
 - Level 1.5 Stealth
 + Level 3.5 Spellcasting


You couldn't memorise any spells.
You knew the following spells:

 Your Spells              Type           Power      Damage    Failure   Level
a - Foxfire               Conj/Fire      76%        2x1d7     6%          1
b - Conjure Flame         Conj/Fire      19%        6-21      17%         3
c - Inner Flame           Hex/Fire       19%        N/A       17%         3
d - Sticky Flame          Conj/Fire      19%        2d4       45%         4
e - Fireball              Conj/Fire      9%         3d6       78%         5
f - Corona                Hex            21%        N/A       6%          1
Your spell library was empty.

Dungeon Overview and Level Annotations

Branches:
Dungeon (2/15)

Altars:
Qazlal

Annotations:
D:2 Sigmund


Innate Abilities, Weirdness & Mutations

You are immune to poison.
Your flesh is very heat resistant. (rF++)
You are vulnerable to cold. (rC-)
You float through the air rather than walking.
You learn spells naturally, not from books.
Your magical power is your life essence.
You have superior vitality. (+4 HP)
Your body sometimes deteriorates upon taking damage.
You are weak. (Str -2)
Your spells are a little harder to cast, but a little more powerful.


Message History

Confirm with . or Enter, or press ? or * to list all spells.
You conjure some foxfire!
Casting: Foxfire (safe; 6% risk of failure)
Confirm with . or Enter, or press ? or * to list all spells.
You conjure some foxfire!
Sigmund casts a spell at himself.
Sigmund flickers and vanishes!
Deactivating autopickup; reactivate with Ctrl-A.
The foxfire hits something.
Your foxfire dissipates!
The foxfire hits something.
The foxfire hits something but does no damage.
The foxfire hits something.
You hear a zap.
A puff of flame appears from out of thin air!
The puff of flame hits you. You resist.
You aren't carrying any items that you can evoke.
Okay, then.
You aren't carrying any potions.
You hear a zap.
A puff of flame appears from out of thin air!
The puff of flame hits you. You resist.
Casting: Foxfire (safe; 6% risk of failure)
Confirm with . or Enter, or press ? or * to list all spells.
The spell is potentially lethal to cast (45% risk of failure)!
Continue anyway?
Aiming: Sticky Flame (potentially lethal; 45% risk of failure)
Press: ? - help, Shift-Dir - straight line You miscast Sticky Flame.
You are very lightly contaminated with residual magic.
Nothing appears to happen.
* * * LOW HITPOINT WARNING * * *
Something hits you!
* * * LOW HITPOINT WARNING * * *
Unknown command.
You closely miss something. You hit something.
You feel better. Something hits you.
* * * LOW HITPOINT WARNING * * *
Unknown command.
You miss something. Something hits you.
You die...

## #.# #.# #..# .# #.# #.#
#..########## .#
#.###[###[..........# .#
#.......)...#######.# .#
#.###.............#.#
.#######)#
#####.[######.#.#
.##......# #..# #...#
.##.##...# #..# #..##
.##.##.#.#######@.# #..#
>##.##.#.......{..# #..#
###.##.#########.#######..#
#.##.# .................#
#.##.# >..............#.#
#.##.# #######.######.#.#
#.##.# #.# ###.#.# #g##.#
#.# #.....# #.##.#
####.####....)#


There were no monsters in sight!

Vanquished Creatures
  Terence (D:2)
  3 gnolls (D:2)
  An adder (D:2)
  3 ball pythons
  7 endoplasms
  A giant cockroach (D:1)
  2 goblins (D:2)
  4 hobgoblins (D:1)
  10 jackals (D:1)
  6 kobolds
  A quokka (D:2)
  2 bats
  2 rats (D:1)
43 creatures vanquished.

Vanquished Creatures (others)
  179 foxfires
179 creatures vanquished.

Grand Total: 222 creatures vanquished

Notes
Turn   | Place    | Note
-------+----------+-------------------------------------------
     0 | D:1      | Aviak the Djinni Fire Elementalist began the quest for the
                  | Orb.
     0 | D:1      | Reached XP level 1. HP: 15/15 MP: 0/0
   158 | D:1      | Reached XP level 2. HP: 9/22 MP: 0/0
   467 | D:1      | Reached skill level 1 in Fighting
   763 | D:1      | Reached skill level 3 in Spellcasting
   852 | D:1      | Reached XP level 3. HP: 24/27 MP: 0/0
   852 | D:1      | Learned a level 1 spell: Corona
  1367 | D:2      | Reached XP level 4. HP: 3/33 MP: 0/0
  1965 | D:2      | Found a faded altar of an unknown god.
  2179 | D:2      | Noticed Sigmund
  2441 | D:2      | Noticed a fire elemental
  2443 | D:2      | Found a stormy altar of Qazlal.
  2445 | D:2      | Noticed a water elemental
  2445 | D:2      | Noticed an earth elemental
  2445 | D:2      | Noticed an air elemental
  2703 | D:2      | Noticed Terence
  2712 | D:2      | Killed Terence
  2882 | D:2      | Gained mutation: Your body sometimes deteriorates upon
                  | taking damage. [potion of mutation]
  2882 | D:2      | Gained mutation: You are weak. (Str -2) [potion of
                  | mutation]
  2882 | D:2      | Gained mutation: Your spells are a little harder to cast,
                  | but a little more powerful. [potion of mutation]
  3359 | D:2      | Slain by Sigmund

Illustrated notes

Levels and vault maps discovered:
D:1:      heliophobic_arrival_ceremonial_halls, layout_basic
D:2:      layout_loops_ring, chequers_ecumenical_altar_twisty,
          nicolae_qazlal_style_of_elements, uniq_terence, uniq_sigmund

Skill      XL: |  1  2  3 |
---------------+----------+-----
Fighting       | 1 2 |  2.5
Spellcasting   | 3 |  3.5
Short Blades   | |  0.8
Dodging        | |  2.8
Stealth        | |  1.5

Action                   |  1- 3 |  4- 6 || total
-------------------------+-------+-------++-------
Melee: Dagger            |     5 |    31 ||    36
 Cast: Foxfire           |    65 |    45 ||   110
       Sticky Flame      |       |     3 ||     3
  Use: Scroll            |       |     3 ||     3
       Potion            |       |     2 ||     2
 Stab: Sleeping          |       |     1 ||     1
Armor: Robe              |     3 |     8 ||    11
Dodge: Dodged            |     8 |    25 ||    33

Table legend: (Time is in decaauts)
 A = Elapsed time spent in this place.
 B = Non-inter-level travel time spent in this place.
 C = Inter-level travel time spent in this place.
 D = Time resting spent in this place.
 E = Time spent auto-exploring this place.
 F = Levels seen in this place.
 G = Mean time per level.
                   A        B        C        D        E       F      G
               +--------+--------+--------+--------+--------+-----+--------+
         Total |   3359 |   3285 |     74 |    973 |   1981 |   2 | 1679.5 |
       Dungeon |   3359 |   3285 |     74 |    973 |   1981 |   2 | 1679.5 |
               +--------+--------+--------+--------+--------+-----+--------+

Top non-repeatable levels by time:
     D:1: 1802 daAuts
     D:2: 1557 daAuts
